 Dungeon Crawl Stone Soup version 0.29.1-15-g9cfb28693d (webtiles) character file.

Game seed: 7782353007221845806

694 kingofthe the Conjurer (level 7, -1/41 HPs)
             Began as an Octopode Conjurer on Mar 3, 2023.
             Succumbed to a killer bee's poison
             ... on level 5 of the Dungeon.
             The game lasted 00:14:25 (5612 turns).

kingofthe the Conjurer (Octopode Conjurer)          Turns: 5612, Time: 00:14:26

Health: -1/41      AC:  5    Str:  6    XL:     7   Next: 64%
Magic:  11/14      EV: 14    Int: 20    God:
Gold:   376        SH:  0    Dex: 13    Spells: 6/15 levels left

rFire   + . .      SeeInvis .   a - +2 trident (venom)
rCold   . . .      Faith    .   (no shield)
rNeg    . . .      Spirit   .   (helmet restricted)
rPois   .          Reflect  .   (no amulet)
rElec   .          Harm     .   f - ring of protection from fire
rCorr   .          Rampage  .   Z - ring of wizardry
Will    .....                   T - +4 ring of protection
Stlth   ++++......              (no ring)
HPRegen 0.13/turn               (no ring)
MPRegen 0.14/turn               (no ring)
                                (no ring)
                                (no ring)

@: lethally poisoned (-1 -> -9), flying, studying Ranged Weapons
A: almost no armour, amphibious, 8 rings, camouflage 1, gelatinous body 1,
(nimble swimmer 1), tentacles
a: no special abilities


You were on level 5 of the Dungeon.
You visited 1 branch of the dungeon, and saw 5 of its levels.

You collected 376 gold pieces.


Innate Abilities, Weirdness & Mutations

You cannot wear most types of armour.
You are amphibious.
You can wear up to eight rings at the same time.
Your skin changes colour to match your surroundings (Stealth+).
Your rubbery body absorbs attacks. (AC +1, EV +1)
((You are camouflaged when in or above water. (Stealth+)))
You have tentacles for arms and can constrict up to eight enemies at once.


   Skills:
 * Level 4.5 Dodging
 + Level 4.8 Stealth
 * Level 4.7 Spellcasting
 + Level 5.4 Conjurations
 * Level 1.6 Fire Magic


You had 6 spell levels left.
You knew the following spells:

 Your Spells              Type           Power      Damage    Failure   Level
a - Magic Dart            Conj           100%       1d8       1%          1
b - Searing Ray           Conj           52%        2d6       1%          2
c - Fulminant Prism       Conj/Hex       7%         3d7       16%         4
d - Scorch                Fire           22%        2d6       3%          2

Your spell library contained the following spells:

 Spells                   Type           Power      Damage    Failure   Level
 Beastly Appendage        Tmut           8%         N/A       4%          1
 Dazzling Flash           Conj/Hex       30%        N/A       4%          3
 Wereblood                Tmut           4%         N/A       8%          2
 Flame Wave               Conj/Fire      19%        2d7       11%         4
 Spider Form              Tmut/Pois      4%         N/A       14%         3
 Iskenderun's Mystic Bla  Conj/Tloc      15%        2d5       16%         4
 Alistair's Intoxication  Tmut/Pois      2%         N/A       75%         5
 Borgnjor's Vile Clutch   Necr/Erth      2%         N/A       75%         5
 Eringya's Noxious Bog    Tmut/Pois      2%         N/A       99%         6
 Summon Cactus Giant      Summ           2%         N/A       99%         6

Inventory:

Hand Weapons
 a - a +2 trident of venom (weapon)
 t - a +1 dagger of draining
Missiles
 r - 3 silver boomerangs
Jewellery
 f - a ring of protection from fire (left tentacle)
 F - a ring of fire
 T - a +4 ring of protection (on tentacle)
 Z - a ring of wizardry (right tentacle)
Wands
 p - a wand of roots (14)
Scrolls
 b - a scroll of immolation {unknown}
 c - 2 scrolls of fear {unknown}
 g - 4 scrolls of teleportation {unknown}
 j - a scroll of brand weapon {unknown}
 l - 3 scrolls of amnesia {unknown}
 q - 3 scrolls of identify {unknown}
 u - 2 scrolls of noise {unknown}
 v - 2 scrolls of magic mapping {unknown}
Potions
 d - 2 potions of lignification {unknown}
 e - 2 potions of heal wounds {unknown}
 h - 3 potions of curing {unknown}
 i - a potion of magic
 k - 2 potions of mutation {unknown}
 m - 3 potions of flight
 n - a potion of attraction {unknown}
 o - 2 potions of ambrosia {unknown}
 s - 2 potions of cancellation {unknown}

Dungeon Overview and Level Annotations

Branches:
Dungeon (5/15)
 Temple: D:4-7

Altars:
Okawaru
Ru
Yredelemnul

Shops:
D:1

( #. ...# #..### #.
....###....# #.##
###.......##.# #...
...#####.##†#
#..####..#####.....
#..##.............#
#yy††.#>.#####.####
##y####..#####.#
#@####........#
#......########
########


You could see 3 killer bees.


Message History

You feel very sick. The killer bee stings you!
* * * LOW HITPOINT WARNING * * *
You are more poisoned.
The killer bee poisons you! The killer bee barely misses you.
Casting: Searing Ray (safe; 1% risk of failure)
Confirm with . or Enter, or press ? or * to list all spells.
Aiming: Searing Ray (safe; 1% risk of failure)
Press: ? - help, Shift-Dir - straight line, f - killer bee
Aim: a killer bee (58% to hit)
The searing ray hits the killer bee!
The killer bee is heavily wounded.
The searing ray hits the killer bee!
The killer bee is severely wounded. (Press . to maintain the ray.)
* * * LOW HITPOINT WARNING * * *
You feel very sick. The killer bee closely misses you.
The killer bee barely misses you.
The searing ray hits the killer bee.
The killer bee is almost dead.
The searing ray hits the killer bee.
The killer bee is almost dead.
* * * LOW HITPOINT WARNING * * *
You feel sick. The killer bee stings you!
* * * LOW HITPOINT WARNING * * *
The killer bee misses you.
It was a potion of flight.
You feel very buoyant.
You fly up into the air.
You die...

Skill      XL: |  1  2  3  4  5  6  7 |
---------------+----------------------+-----
Spellcasting   | 3 4 |  4.7
Stealth        | 3 4 |  4.8
Dodging        | 3 4 |  4.5
Conjurations   | 5 |  5.4
Fire Magic     | 1 |  1.6

Action                   |  1- 3 |  4- 6 |  7- 9 || total
-------------------------+-------+-------+-------++-------
Melee: Unarmed           |     7 |       |       ||     7
       Constrict         |     3 |     1 |     1 ||     5
       Tentacles         |     2 |     1 |     1 ||     4
       Trident           |       |     7 |     9 ||    16
       Punch             |       |       |     1 ||     1
 Cast: Magic Dart        |    54 |    82 |     1 ||   137
       Searing Ray       |     1 |    20 |     6 ||    27
Evoke: Wand              |     1 |       |       ||     1
  Use: Potion            |       |       |     1 ||     1
Armor: Skin              |     2 |     3 |     9 ||    14
Dodge: Dodged            |     2 |    22 |    26 ||    50

Levels and vault maps discovered:
D:1:      dpeg_arrival_arbitrary_c, layout_basic, serial_shops, shop_statue,
          minmay_pentomino_w4
D:2:      layout_rooms, st_stairs_7, serial_park_tiny_1, grunt_ministairs_14,
          uniq_terence
D:3:      layout_basic, okawaru_gym_becter, hangedman_ru_absence, uniq_jessica
D:4:      wander_river, layout_cave_pods, amcnicky_altar_gilded,
          minmay_starry_boxes
D:5:      old_forge, layout_loops_cross

Notes
Turn   | Place    | Note
-------+----------+-------------------------------------------
     0 | D:1      | kingofthe the Octopode Conjurer began the quest for the
                  | Orb.
     0 | D:1      | Reached XP level 1. HP: 11/11 MP: 3/3
   110 | D:1      | Found Gisyhub's Antique Weapon Emporium.
   218 | D:1      | Reached XP level 2. HP: 17/17 MP: 3/5
   370 | D:1      | Learned a level 2 spell: Searing Ray
   383 | D:1      | Reached skill level 3 in Spellcasting
   800 | D:1      | Reached XP level 3. HP: 21/21 MP: 3/7
  1327 | D:2      | Noticed Terence
  1457 | D:2      | Killed Terence
  1458 | D:2      | Reached skill level 3 in Stealth
  1458 | D:2      | Reached XP level 4. HP: 27/27 MP: 4/8
  2220 | D:3      | Identified the +0 robe of Defiance {+Blink Fly Slay+3
                  | Archmagi}
  2232 | D:3      | Found an iron altar of Okawaru.
  2349 | D:3      | Found a sacrificial altar of Ru.
  2605 | D:3      | Learned a level 4 spell: Fulminant Prism
  3078 | D:3      | Identified a +2 robe of the Archmagi
  3078 | D:3      | Noticed Jessica
  3081 | D:3      | Killed Jessica
  3082 | D:3      | Reached skill level 3 in Dodging
  3082 | D:3      | Reached XP level 5. HP: 31/31 MP: 5/10
  3368 | D:4      | Found a basalt altar of Yredelemnul.
  3669 | D:4      | Noticed an ogre
  4394 | D:4      | Reached XP level 6. HP: 36/36 MP: 6/11
  4595 | D:4      | Reached skill level 4 in Stealth
  4595 | D:4      | Reached skill level 4 in Spellcasting
  4595 | D:4      | Reached skill level 5 in Conjurations
  4708 | D:5      | Entered Level 5 of the Dungeon
  4862 | D:5      | Reached skill level 4 in Dodging
  4978 | D:5      | Learned a level 2 spell: Scorch
  5001 | D:5      | Reached XP level 7. HP: 41/41 MP: 7/13
  5309 | D:5      | Reached skill level 1 in Fire Magic
  5611 | D:5      | HP: 1/41 [killer bee (8)]
  5612 | D:5      | Succumbed to a killer bee's poison

Vanquished Creatures
  A black bear (D:5)
  An ogre (D:4)
  A necrophage (D:5)
  A scorpion (D:5)
  2 killer bees (D:5)
  Jessica (D:3)
  2 iguanas
  Terence (D:2)
  10 gnolls
  3 adders
  A shadow imp (D:5)
  2 dart slugs
  6 orcs (D:3)
  11 ball pythons
  7 endoplasms
  3 giant cockroaches
  6 goblins
  7 hobgoblins
  3 jackals (D:1)
  8 kobolds
  7 bats
  3 frilled lizards
  4 rats (D:1)
91 creatures vanquished.

Table legend: (Time is in decaauts)
 A = Elapsed time spent in this place.
 B = Non-inter-level travel time spent in this place.
 C = Inter-level travel time spent in this place.
 D = Time resting spent in this place.
 E = Time spent auto-exploring this place.
 F = Levels seen in this place.
 G = Mean time per level.
                   A        B        C        D        E       F      G
               +--------+--------+--------+--------+--------+-----+--------+
         Total |   5618 |   5463 |    155 |   1109 |   3803 |   5 | 1123.6 |
       Dungeon |   5618 |   5463 |    155 |   1109 |   3803 |   5 | 1123.6 |
               +--------+--------+--------+--------+--------+-----+--------+

Top non-repeatable levels by time:
     D:4: 1598 daAuts
     D:1: 1558 daAuts
     D:3: 1104 daAuts
     D:5: 826 daAuts
     D:2: 531 daAuts

Table legend:
 A = Non-vault XP
 B = Vault XP
 C = Vault XP percentage of total XP
 D = Non-vault monster count
 E = Vault monster count
 F = Vault count percentage of total count
                 A         B        C        D         E       F
            +---------+---------+-------+---------+---------+-------
      Total |     779 |     213 |  21.5 |      75 |      16 |  17.6
            +---------+---------+-------+---------+---------+-------
        D:1 |      36 |      12 |  25.0 |      22 |       7 |  24.1
        D:2 |      12 |      42 |  77.8 |       8 |       4 |  33.3
        D:3 |      61 |      37 |  37.8 |      16 |       1 |   5.9
        D:4 |     150 |     122 |  44.9 |      18 |       4 |  18.2
        D:5 |     520 |       0 |   0.0 |      11 |       0 |   0.0
            +---------+---------+-------+---------+---------+-------
